AoeStats
← Zarko

Hideout

510138095Analyzed
1v1 RM · 3d ago on Sep 29, 2026· 55m 8s· 2 players
Game mode
Random Map
Map size
Tiny (2 player)
Population
200
Speed
Normal
Resources
Standard
Victory
Conquest
Starting age
Dark Age
Ending age
Imperial Age
RankedLock teamsTeams togetherTeam positionsShared explorationLock speedFull tech treeHidden civsTurbo modeCheats
Victory
Defeat
🇩🇪 Japanese · Germany
1055
+15
🇧🇬 Bulgarians · Bulgaria
1044
-15
Zarko
11:35 Feudal Age
11:46 Feudal Age
13:09 Loom
13:10 Horse Collar
13:16 Double-Bit Axe
20:01 Castle Age
19:14 Bloodlines
19:19 Forging
19:26 Fletching
20:09 Scale Mail Armor
20:38 Padded Archer Armor
21:03 Heavy Plow
21:23 Squires
20:58 Pikeman
21:49 Scale Barding Armor
24:05 Bow Saw
25:58 Gambesons
29:31 Ballistics
29:37 Bodkin Arrow
32:10 Stone Mining
34:57 Imperial Age
32:46 Gold Mining
33:20 Masonry
34:13 Husbandry
35:55 Wheelbarrow
37:13 Capped Ram
39:57 Stirrups
41:15 Chemistry
40:10 Siege Ram
41:05 Elite Konnik
43:34 Chain Barding Armor
43:50 Iron Casting
42:43 Elite Skirmisher
44:54 Plate Barding Armor
44:06 Elite Konnik
45:09 Bracer
46:06 Leather Archer Armor
Cełine
10:22 Feudal Age
11:18 Double-Bit Axe
17:29 Castle Age
15:15 Horse Collar
16:14 Stone Mining
16:15 Gold Mining
18:23 Wheelbarrow
22:12 Bow Saw
22:04 Heavy Plow
22:07 Husbandry
26:05 Forging
28:13 Yasama
31:24 Ballistics
30:56 Fletching
31:54 Hand Cart
32:21 Bodkin Arrow
33:03 Iron Casting
32:29 Scale Mail Armor
36:35 Imperial Age
35:48 Chain Mail Armor
37:52 Kataparuto
38:16 Conscription
38:48 Siege Engineers
39:43 Chemistry
41:43 Bracer
42:43 Blast Furnace
42:06 Elite Samurai
43:38 Plate Mail Armor
47:59 Gold Shaft Mining
Connection lost

Rejoining the realm…

Still unreachable

The connection could not be restored.

Session expired

The server has moved on; the page needs a fresh start.